TOP OF THE 1ST |
Las Vegas Stars batting - Pitching for Gresham Gold Souls : RHP Jesús Gonzáles
|
Pitching: RHP Jesús Gonzáles
|
|
Batting: RHB Augusto Trevino
|
0-0: Ball 1-0: Foul Ball, location: 2F 1-1: Swinging Strike 1-2: Strikes out swinging
|
Batting: RHB Ricardo Guzmán
|
0-0: Ball 1-0: Ball 2-0: Ball 3-0: Called Strike 3-1: Fly out, F7 (Flyball, 78S)
|
Batting: RHB Alonso Holguín
|
0-0: Ball 1-0: Ball 2-0: Called Strike 2-1: Ball 3-1: Swinging Strike 3-2: Base on Balls
|
Batting: LHB Phil Smith
|
0-0: Called Strike 0-1: Ball 1-1: Foul Ball, location: 2F 1-2: Ball 2-2: Strikes out swinging
|
Top of the 1st over - 0 runs, 0 hits, 0 errors, 1 left on base; Las Vegas 0 - Gresham 0 |
BOTTOM OF THE 1ST |
Gresham Gold Souls batting - Pitching for Las Vegas Stars : RHP Alberto Márquez
|
Pitching: RHP Alberto Márquez
|
|
Batting: RHB Norm Francis
|
0-0: Ball 1-0: Called Strike 1-1: Ball 2-1: Foul Ball, location: 2F 2-2: Strikes out swinging
|
Batting: RHB Jared Thompson
|
0-0: Ball 1-0: Ball 2-0: Foul Ball, location: 2F 2-1: Swinging Strike 2-2: Foul Ball, location: 2F 2-2: Strikes out swinging
|
Batting: LHB Millard Dye
|
0-0: Called Strike 0-1: Called Strike 0-2: Strikes out swinging
|
Bottom of the 1st over - 0 runs, 0 hits, 0 errors, 0 left on base; Las Vegas 0 - Gresham 0 |
TOP OF THE 2ND |
Las Vegas Stars batting - Pitching for Gresham Gold Souls : RHP Jesús Gonzáles
|
Batting: RHB Juan Valverde
|
0-0: Ball 1-0: Ball 2-0: Foul Ball, location: 2F 2-1: Foul Ball, location: 2F 2-2: Ground out 5-3 (Groundball, 56)
|
Batting: RHB Sam Wallace
|
0-0: Ball 1-0: Ball 2-0: Ball 3-0: Base on Balls
|
Batting: SHB Enrique Uribe
|
0-0: Ball 1-0: Swinging Strike 1-1: Grounds into double play, 5-4-3 (Groundball, 56)
|
Top of the 2nd over - 0 runs, 0 hits, 0 errors, 0 left on base; Las Vegas 0 - Gresham 0 |
BOTTOM OF THE 2ND |
Gresham Gold Souls batting - Pitching for Las Vegas Stars : RHP Alberto Márquez
|
Batting: RHB Peter Hensley
|
0-0: Ball 1-0: Swinging Strike 1-1: Called Strike 1-2: Strikes out looking
|
Batting: RHB Jesús Gutiérrez
|
0-0: Ball 1-0: Swinging Strike 1-1: Ball 2-1: Foul Ball, location: 2F 2-2: Strikes out swinging
|
Batting: SHB Todd Smith
|
0-0: Called Strike 0-1: Fly out, F7 (Flyball, 78S)
|
Bottom of the 2nd over - 0 runs, 0 hits, 0 errors, 0 left on base; Las Vegas 0 - Gresham 0 |
TOP OF THE 3RD |
Las Vegas Stars batting - Pitching for Gresham Gold Souls : RHP Jesús Gonzáles
|
Batting: RHB Gabriel Miranda
|
0-0: Ball 1-0: Ground out 4-3 (Groundball, 34)
|
Batting: RHB Fernando Bórquez
|
0-0: Ball 1-0: Foul Ball, location: 2F 1-1: Foul Ball, location: 2F 1-2: Foul Ball, location: 2F 1-2: Ball 2-2: SINGLE (Line Drive, 7)
|
Batting: RHB Augusto Trevino
|
0-0: Called Strike Fernando Bórquez steals 2nd base 0-1: Ball 1-1: Ball 2-1: Ball 3-1: Called Strike 3-2: Base on Balls
|
Batting: RHB Ricardo Guzmán
|
0-0: Ball 1-0: Called Strike 1-1: Foul Ball, location: 2F 1-2: Foul Ball, location: 2F 1-2: Grounds into double play, 4-6-3 (Groundball, 4)
|
Top of the 3rd over - 0 runs, 1 hit, 0 errors, 1 left on base; Las Vegas 0 - Gresham 0 |
BOTTOM OF THE 3RD |
Gresham Gold Souls batting - Pitching for Las Vegas Stars : RHP Alberto Márquez
|
Batting: LHB Ezechiele Bruno
|
0-0: Ball 1-0: Bunt missed! 1-1: Ball 2-1: Called Strike 2-2: Strikes out swinging
|
Batting: LHB Héctor Cruz
|
0-0: Called Strike 0-1: Foul Ball, location: 2F 0-2: Ball 1-2: Strikes out swinging
|
Batting: SHB Francis Shaffer
|
0-0: Called Strike 0-1: Ball 1-1: Foul Ball, location: 2F 1-2: Ball 2-2: Strikes out swinging
|
Bottom of the 3rd over - 0 runs, 0 hits, 0 errors, 0 left on base; Las Vegas 0 - Gresham 0 |
TOP OF THE 4TH |
Las Vegas Stars batting - Pitching for Gresham Gold Souls : RHP Jesús Gonzáles
|
Batting: RHB Alonso Holguín
|
0-0: Ground out 4-3 (Groundball, 4)
|
Batting: LHB Phil Smith
|
0-0: Ball 1-0: Ball 2-0: Ball 3-0: Base on Balls
|
Batting: RHB Juan Valverde
|
0-0: Ball 1-0: Ball 2-0: Ball 3-0: Base on Balls Phil Smith to second
|
Batting: RHB Sam Wallace
|
0-0: Ball 1-0: Swinging Strike 1-1: Ground out 4-3 (Groundball, 4MS) Phil Smith to third Juan Valverde to second
|
Batting: SHB Enrique Uribe
|
0-0: Foul Ball, location: 2F 0-1: Ball Wild Pitch! Phil Smith scores Juan Valverde to third 1-1: Foul Ball, location: 2F 1-2: 2-RUN HOME RUN (Flyball, 9D), Distance : 393 ft
|
Batting: RHB Gabriel Miranda
|
0-0: Ball 1-0: Ball 2-0: Called Strike 2-1: Called Strike 2-2: SOLO HOME RUN (Flyball, 78XD), Distance : 393 ft
|
Batting: RHB Fernando Bórquez
|
0-0: Ball 1-0: Called Strike 1-1: Ball 2-1: Swinging Strike 2-2: Ground out 6-3 (Groundball, 6)
|
Top of the 4th over - 4 runs, 2 hits, 0 errors, 0 left on base; Las Vegas 4 - Gresham 0 |
BOTTOM OF THE 4TH |
Gresham Gold Souls batting - Pitching for Las Vegas Stars : RHP Alberto Márquez
|
Batting: RHB Norm Francis
|
0-0: Ball 1-0: Ball 2-0: Ball 3-0: Called Strike 3-1: Ground out 6-3 (Groundball, 6S)
|
Batting: RHB Jared Thompson
|
0-0: Ball 1-0: Ball 2-0: Called Strike 2-1: Ball 3-1: TRIPLE (Line Drive, 89XD)
|
Batting: LHB Millard Dye
|
0-0: Ball 1-0: Called Strike 1-1: Ball 2-1: 2-RUN HOME RUN (Flyball, 9D), Distance : 392 ft
|
Batting: RHB Peter Hensley
|
0-0: Called Strike 0-1: Ball 1-1: Ball 2-1: Ball 3-1: Ground out 3-1 (Groundball, 34)
|
Batting: RHB Jesús Gutiérrez
|
0-0: Called Strike 0-1: Swinging Strike 0-2: Foul Ball, location: 2F 0-2: Strikes out swinging
|
Bottom of the 4th over - 2 runs, 2 hits, 0 errors, 0 left on base; Las Vegas 4 - Gresham 2 |
TOP OF THE 5TH |
Las Vegas Stars batting - Pitching for Gresham Gold Souls : RHP Jesús Gonzáles
|
Batting: RHB Augusto Trevino
|
0-0: Swinging Strike 0-1: Foul Ball, location: 2F 0-2: Ball 1-2: SINGLE (Line Drive, 89S)
|
Batting: RHB Ricardo Guzmán
|
0-0: Swinging Strike 0-1: Swinging Strike 0-2: Foul Ball, location: 2F 0-2: Ball 1-2: Ball 2-2: Ball 3-2: Base on Balls Augusto Trevino to second
|
Batting: RHB Alonso Holguín
|
0-0: Called Strike 0-1: Ball 1-1: Foul Ball, location: 2F 1-2: Foul Ball, location: 2F 1-2: Ball 2-2: Foul Ball, location: 2F 2-2: Fly out, F4 (Line Drive, 4)
|
Batting: LHB Phil Smith
|
0-0: Called Strike 0-1: Swinging Strike 0-2: Fly out, F2 (Popup, 25F)
|
Batting: RHB Juan Valverde
|
0-0: Ball 1-0: SINGLE (Line Drive, 56D) Augusto Trevino to third Ricardo Guzmán to second Runner from 3rd tries for Home, SAFE, throw made home
|
Batting: RHB Sam Wallace
|
0-0: Swinging Strike 0-1: Ball 1-1: Ground out U3 (Groundball, 3L)
|
Top of the 5th over - 1 run, 2 hits, 0 errors, 2 left on base; Las Vegas 5 - Gresham 2 |
BOTTOM OF THE 5TH |
Gresham Gold Souls batting - Pitching for Las Vegas Stars : RHP Alberto Márquez
|
Batting: SHB Todd Smith
|
0-0: Ball 1-0: Called Strike 1-1: Ball 2-1: Ball 3-1: SINGLE (Groundball, 4S) (infield hit)
|
Batting: LHB Ezechiele Bruno
|
0-0: Ball 1-0: Ball 2-0: Called Strike 2-1: Ball 3-1: Base on Balls Todd Smith to second
|
Batting: LHB Héctor Cruz
|
0-0: Foul Ball, location: 2F 0-1: Swinging Strike 0-2: Ball 1-2: SINGLE (Groundball, 6MD) Todd Smith to third Ezechiele Bruno to second
|
Batting: SHB Francis Shaffer
|
0-0: Ball 1-0: Grounds into double play, 6-4-3 (Groundball, 6) Todd Smith scores Ezechiele Bruno to third
|
Batting: RHB Norm Francis
|
0-0: Foul Ball, location: 2F 0-1: DOUBLE (Line Drive, 78XD) Ezechiele Bruno scores
|
Batting: RHB Jared Thompson
|
0-0: Fly out, F9 (Line Drive, 9S)
|
Bottom of the 5th over - 2 runs, 3 hits, 0 errors, 1 left on base; Las Vegas 5 - Gresham 4 |
TOP OF THE 6TH |
Las Vegas Stars batting - Pitching for Gresham Gold Souls : RHP Jesús Gonzáles
|
Pitching: RHP Mike Moyer
|
|
Batting: SHB Enrique Uribe
|
0-0: Called Strike 0-1: Hit by Pitch
|
Batting: RHB Gabriel Miranda
|
0-0: Ground out 3-1 (Groundball, 34S) Enrique Uribe to second
|
Batting: RHB Fernando Bórquez
|
Balk! Enrique Uribe to third 0-0: Ball 1-0: Ball 2-0: Ball 3-0: Base on Balls
|
Batting: RHB Augusto Trevino
|
0-0: Ball 1-0: Called Strike 1-1: Fielders Choice at 2nd, 4-6 (Groundball, 4) Enrique Uribe scores
|
Batting: RHB Ricardo Guzmán
|
0-0: Called Strike 0-1: Ball 1-1: Ball 2-1: Fly out, F8 (Flyball, 8LD)
|
Top of the 6th over - 1 run, 0 hits, 0 errors, 1 left on base; Las Vegas 6 - Gresham 4 |
BOTTOM OF THE 6TH |
Gresham Gold Souls batting - Pitching for Las Vegas Stars : RHP Alberto Márquez
|
Batting: LHB Millard Dye
|
0-0: Ball 1-0: Called Strike 1-1: Foul Ball, location: 2F 1-2: SINGLE (Groundball, 6MD)
|
Batting: RHB Peter Hensley
|
0-0: Grounds into double play, 6-4-3 (Groundball, 6MD)
|
Batting: RHB Jesús Gutiérrez
|
0-0: Swinging Strike 0-1: Ball 1-1: Ball 2-1: Swinging Strike 2-2: SINGLE (Groundball, 6MD)
|
Batting: SHB Todd Smith
|
0-0: Ball Jesús Gutiérrez is caught stealing 2nd base
|
Bottom of the 6th over - 0 runs, 2 hits, 0 errors, 0 left on base; Las Vegas 6 - Gresham 4 |
TOP OF THE 7TH |
Las Vegas Stars batting - Pitching for Gresham Gold Souls : RHP Mike Moyer
|
Batting: RHB Alonso Holguín
|
0-0: Called Strike 0-1: Ball 1-1: Ball 2-1: Foul Ball, location: 2F 2-2: Strikes out swinging
|
Batting: LHB Phil Smith
|
0-0: Called Strike 0-1: Ball 1-1: SINGLE (Groundball, 4D)
|
Batting: RHB Juan Valverde
|
0-0: Called Strike 0-1: Ball 1-1: Ball 2-1: Ball 3-1: Base on Balls Phil Smith to second
|
Pinch Hitting: LHB Paco Rivera
|
0-0: Called Strike 0-1: Called Strike 0-2: Strikes out swinging
|
Batting: SHB Enrique Uribe
|
0-0: Called Strike 0-1: Ball 1-1: Foul Ball, location: 2F 1-2: Ball 2-2: Ball 3-2: SINGLE (Groundball, 6MD) Phil Smith to third Juan Valverde to second Phil Smith scores Juan Valverde to third
|
Batting: RHB Gabriel Miranda
|
0-0: Ground out 5-3 (Groundball, 56)
|
Top of the 7th over - 1 run, 2 hits, 0 errors, 2 left on base; Las Vegas 7 - Gresham 4 |
BOTTOM OF THE 7TH |
Gresham Gold Souls batting - Pitching for Las Vegas Stars : RHP Alberto Márquez
|
Now at 1B: Paco Rivera
|
|
Batting: SHB Todd Smith
|
0-0: Foul Ball, location: 2F 0-1: Ball 1-1: Swinging Strike 1-2: Foul Ball, location: 2F 1-2: Strikes out swinging
|
Batting: LHB Ezechiele Bruno
|
0-0: Ball 1-0: Ball 2-0: Swinging Strike 2-1: Swinging Strike 2-2: Strikes out swinging
|
Batting: LHB Héctor Cruz
|
0-0: Called Strike 0-1: Foul Ball, location: 2F 0-2: Foul Ball, location: 2F 0-2: Ball 1-2: SINGLE (Groundball, 34D)
|
Pitching: LHP Gian-Andrea Nota
|
|
Batting: SHB Francis Shaffer
|
0-0: Ball 1-0: Ball 2-0: Called Strike 2-1: Foul Ball, location: 2F 2-2: Ball 3-2: Base on Balls Héctor Cruz to second
|
Batting: RHB Norm Francis
|
0-0: Ball 1-0: Called Strike 1-1: Swinging Strike 1-2: Fly out, F5 (Popup, 56S)
|
Bottom of the 7th over - 0 runs, 1 hit, 0 errors, 2 left on base; Las Vegas 7 - Gresham 4 |
TOP OF THE 8TH |
Las Vegas Stars batting - Pitching for Gresham Gold Souls : RHP Mike Moyer
|
Pitching: RHP Eusébio Lagarto
|
|
Batting: RHB Fernando Bórquez
|
0-0: Ball 1-0: Ball 2-0: Ball 3-0: Base on Balls
|
Batting: RHB Augusto Trevino
|
0-0: Sac Bunt - play at first, batter OUT! 1-3 Fernando Bórquez to second
|
Batting: RHB Ricardo Guzmán
|
0-0: 2-RUN HOME RUN (Flyball, 7D), Distance : 381 ft
|
Batting: RHB Alonso Holguín
|
0-0: Ball 1-0: Foul Ball, location: 2F 1-1: Called Strike 1-2: Foul Ball, location: 2F 1-2: Ball 2-2: Ball 3-2: Foul Ball, location: 2F 3-2: Base on Balls
|
Batting: LHB Phil Smith
|
0-0: Ball 1-0: Called Strike 1-1: Swinging Strike 1-2: Ball 2-2: Foul Ball, location: 2F 2-2: Ball 3-2: SINGLE (Groundball, 34D) Alonso Holguín to second Runner from 2nd tries for 3rd, SAFE, no throw
|
Batting: RHB Juan Valverde
|
0-0: Called Strike 0-1: SINGLE (Groundball, 6D) Alonso Holguín scores Phil Smith to second
|
Pitching: RHP Mario Navarro
|
|
Batting: LHB Paco Rivera
|
0-0: Ball 1-0: Ball 2-0: Ball Wild Pitch! Phil Smith to third Juan Valverde to second 3-0: Base on Balls
|
Batting: SHB Enrique Uribe
|
0-0: Ball 1-0: Foul Ball, location: 2F 1-1: Hit by Pitch Phil Smith scores Juan Valverde to third Paco Rivera to second
|
Batting: RHB Gabriel Miranda
|
0-0: Ball 1-0: Called Strike 1-1: Swinging Strike 1-2: Ball 2-2: Ball 3-2: Base on Balls Juan Valverde scores Paco Rivera to third Enrique Uribe to second
|
Batting: RHB Fernando Bórquez
|
0-0: Foul Ball, location: 2F 0-1: Ball 1-1: SINGLE (Groundball, 6D) Paco Rivera scores Enrique Uribe to third Gabriel Miranda to second Runner from 3rd tries for Home, SAFE, no throw
|
Batting: RHB Augusto Trevino
|
0-0: Ball 1-0: Foul Ball, location: 2F 1-1: Foul Ball, location: 2F 1-2: Ball 2-2: Foul Ball, location: 2F 2-2: Grounds into double play, 3-6-3 (Groundball, 3)
|
Top of the 8th over - 7 runs, 4 hits, 0 errors, 1 left on base; Las Vegas 14 - Gresham 4 |
BOTTOM OF THE 8TH |
Gresham Gold Souls batting - Pitching for Las Vegas Stars : LHP Gian-Andrea Nota
|
Batting: RHB Jared Thompson
|
0-0: Ball 1-0: Ball 2-0: Foul Ball, location: 2F 2-1: Ball 3-1: Base on Balls
|
Batting: LHB Millard Dye
|
0-0: Ball 1-0: Ball 2-0: Fly out, F7 (Flyball, 7)
|
Batting: RHB Peter Hensley
|
0-0: Ball 1-0: Fly out, F4 (Popup, 4)
|
Batting: RHB Jesús Gutiérrez
|
0-0: Called Strike 0-1: Ball 1-1: TRIPLE (Groundball, 3L) Jared Thompson scores
|
Batting: SHB Todd Smith
|
0-0: SINGLE (Groundball, 4M) (infield hit) Jesús Gutiérrez scores
|
Batting: LHB Ezechiele Bruno
|
0-0: Called Strike 0-1: Foul Ball, location: 2F 0-2: Ball 1-2: Foul Ball, location: 2F 1-2: 2-RUN HOME RUN (Flyball, 9LD), Distance : 367 ft
|
Pitching: RHP Edgar Martínez
|
|
Batting: LHB Héctor Cruz
|
0-0: Ball 1-0: Called Strike 1-1: Ground out 3-1 (Groundball, 3S)
|
Bottom of the 8th over - 4 runs, 3 hits, 0 errors, 0 left on base; Las Vegas 14 - Gresham 8 |
TOP OF THE 9TH |
Las Vegas Stars batting - Pitching for Gresham Gold Souls : RHP Mario Navarro
|
Pitching: RHP Taylor Bowen
|
|
Batting: RHB Ricardo Guzmán
|
0-0: Swinging Strike 0-1: Called Strike 0-2: Ball 1-2: Strikes out swinging
|
Batting: RHB Alonso Holguín
|
0-0: Called Strike 0-1: Ground out U3 (Groundball, 3L)
|
Batting: LHB Phil Smith
|
0-0: Ball 1-0: Swinging Strike 1-1: Ball 2-1: Foul Ball, location: 2F 2-2: Strikes out looking
|
Top of the 9th over - 0 runs, 0 hits, 0 errors, 0 left on base; Las Vegas 14 - Gresham 8 |
BOTTOM OF THE 9TH |
Gresham Gold Souls batting - Pitching for Las Vegas Stars : RHP Edgar Martínez
|
Now at C: Gilberto Silva
|
|
Batting: SHB Francis Shaffer
|
0-0: Ball 1-0: Ball 2-0: Called Strike 2-1: Swinging Strike 2-2: Ground out U3 (Groundball, 34D)
|
Batting: RHB Norm Francis
|
0-0: Ball 1-0: Ball 2-0: Ball 3-0: Base on Balls
|
Batting: RHB Jared Thompson
|
0-0: Fly out, F8 (Flyball, 8RXD)
|
Batting: LHB Millard Dye
|
0-0: Foul Ball, location: 2F 0-1: Called Strike 0-2: Ball 1-2: Foul Ball, location: 2F 1-2: Foul Ball, location: 2F 1-2: Strikes out swinging
|
Bottom of the 9th over - 0 runs, 0 hits, 0 errors, 1 left on base; Las Vegas 14 - Gresham 8 |
|